 Dungeon Crawl Stone Soup version 0.26.1-11-gd32895ea62 (webtiles) character file.

Game seed: 3624865967561439545

72 ubername the Chiller (level 4, -8/31 HPs)
             Began as a Barachi Ice Elementalist on July 24, 2021.
             Mangled by Sigmund
             ... wielding a +0 scythe
              (10 damage)
             ... on level 2 of the Dungeon.
             The game lasted 00:06:13 (2149 turns).

ubername the Chiller (Barachi Ice Elementalist)     Turns: 2149, Time: 00:06:13

Health: -8/31      AC:  2    Str: 10    XL:     4   Next: 26%
Magic:  2/8        EV: 12    Int: 16    God:
Gold:   80         SH:  0    Dex: 12    Spells: 1/8 levels left

rFire    + . .     SeeInvis .   m - +0 falchion
rCold    + . .     Faith    .   (no shield)
rNeg     . . .     Spirit   .   a - +0 robe
rPois    +         Reflect  .   (no helmet)
rElec    +         Harm     .   (no cloak)
rCorr    +         Rampage  .   (no gloves)
Will     .....                  (no boots)
Stlth    ++........             (no amulet)
HPRegen  0.10/turn              (no ring)
MPRegen  0.11/turn              (no ring)

@: resistant, berserk cooldown, very slightly contaminated, slowed, invisible,
very slow
A: +LOS, swims, slowness 1, strong legs 1
a: Hop


You were on level 2 of the Dungeon.
You visited 1 branch of the dungeon, and saw 2 of its levels.

You collected 80 gold pieces.

Inventory:

Hand Weapons
 d - a +0 short sword
 m - a +0 falchion (weapon)
Missiles
 c - 81 stones (quivered)
Armour
 a - a +0 robe (worn)
Scrolls
 e - 7 scrolls of identify {unknown}
 g - a scroll of teleportation {unknown}
Potions
 h - a potion of curing
 j - a potion of might {unknown}
 k - a potion of attraction {unknown}
 l - a potion of degeneration {unknown}


   Skills:
 + Level 0.4 Fighting
 + Level 1.0 Throwing
 + Level 2.4 Dodging
 + Level 1.9 Stealth
 + Level 2.9 Spellcasting
 + Level 5.9 Ice Magic


You had one spell level left.
You knew the following spells:

 Your Spells              Type           Power        Failure   Level
a - Freeze                Ice            84%          1%          1
b - Frozen Ramparts       Ice            42%          4%          3
c - Ozocubu's Armour      Ice            21%          4%          3

Your spell library contained the following spells:

 Spells                   Type           Power        Failure   Level
 Hailstorm                Conj/Ice       11%          50%         4
 Summon Ice Beast         Ice/Summ       11%          50%         4


Dungeon Overview and Level Annotations

Branches:
Dungeon (2/15)

Altars:

Annotations:
D:2 Sigmund


Innate Abilities, Weirdness & Mutations

You can be seen from farther away. (+LOS)
You can swim through water.
You cover ground slowly.
You can hop short distances.


Message History

You feel protected.
The wall freezes Sigmund.
The wall freezes Sigmund.
Your icy armour cracks and falls away as you move.
The frozen ramparts melt away as you move.
Sigmund gestures at something while chanting.
The magic dart hits you.
* * * LOW HITPOINT WARNING * * *
Sigmund casts a spell at something.
The puff of flame misses you.
Things that are here:
a cursed +0 dagger; a +0 short sword
Casting: Frozen Ramparts (dangerous; 4% risk of failure)
Confirm with . or Enter, or press ? or * to list all spells.
You don't know that spell.
Sigmund closely misses you. Sigmund barely misses you.
You riposte.
You hit Sigmund.
Sigmund is heavily wounded.
Sigmund hits you with a +0 scythe!
You die...

...####..###........####.....
#.................## #####.
#.......###.......#
#.......#.........#
#.......#.#(.......#
#.......†.########## ###
#.......### #P#♣♣♣♣♣P##♣
#.........#######♣PP...P..PP
#.......#.@@.)..#P#.......#P
#.......#######)#.......÷#..
######### #......§...#..
####...§...#.. #PP.....PPPP
#♣.P.≈.P.PPP ##♣#♣♣P♣#♣P ##


You could see Sigmund.

Vanquished Creatures
  3 adders (D:2)
  An ooze (D:1)
  6 leopard geckos
  4 giant cockroaches
  A hobgoblin (D:1)
  6 kobolds
  4 bats
  2 frilled lizards (D:1)
  5 goblins (D:1)
  3 rats
35 creatures vanquished.

Vanquished Creatures (others)
  9 plants (D:2)
9 creatures vanquished.

Grand Total: 44 creatures vanquished

Notes
Turn   | Place    | Note
-------+----------+-------------------------------------------
     0 | D:1      | ubername the Barachi Ice Elementalist began the quest for
                  | the Orb.
     0 | D:1      | Reached XP level 1. HP: 13/13 MP: 3/3
    43 | D:1      | Reached skill level 5 in Ice Magic
   325 | D:1      | Reached XP level 2. HP: 19/19 MP: 3/5
   722 | D:1      | Reached skill level 1 in Throwing
   837 | D:1      | Reached XP level 3. HP: 8/24 MP: 1/6
  1381 | D:2      | Noticed Sigmund
  1447 | D:2      | Learned a level 3 spell: Frozen Ramparts
  1451 | D:2      | Learned a level 3 spell: Ozocubu's Armour
  1769 | D:2      | Reached XP level 4. HP: 11/31 MP: 1/8
  2134 | D:2      | HP: 1/31 [Sigmund/+0 scythe (11)]
  2147 | D:2      | HP: 1/31 [Sigmund/magic dart (4)]
  2149 | D:2      | Mangled by Sigmund

Illustrated notes

Levels and vault maps discovered:
D:1:      dpeg_arrival_rooms_b, layout_loops_ring
D:2:      layout_rooms, lexackson_kobold_supper, uniq_natasha, uniq_sigmund

Skill      XL: |  1  2 |
---------------+-------+-----
Ice Magic      | 5 |  5.9
Throwing       | 1 |  1.0
Fighting       | |  0.4
Dodging        | |  2.4
Stealth        | |  1.9
Spellcasting   | |  2.9

Action                   |  1- 3 |  4- 6 || total
-------------------------+-------+-------++-------
Melee: Short sword       |    29 |       ||    29
       Falchion          |    23 |    14 ||    37
Throw: Stone             |    33 |     1 ||    34
 Cast: Freeze            |    37 |     1 ||    38
       Frozen Ramparts   |     2 |     3 ||     5
       Ozocubu's Armour  |     1 |     1 ||     2
  Use: Potion            |       |     4 ||     4
Armor: Robe              |    24 |     2 ||    26
Dodge: Dodged            |    62 |     8 ||    70
       Rpst.: Falchion   |     5 |     1 ||     6
